 Dungeon Crawl Stone Soup version 0.16-a0-38-g23a437e (webtiles) character file.

132656 Meriados the Eclecticist (level 16, -1/87 HPs)
             Began as a Deep Elf Wizard on July 24, 2014.
             Was the Champion of Sif Muna.
             Slain by a faun
             ... wielding a +0 quarterstaff
             ... led by a satyr
              (16 damage)
             ... on Level 3 of the Shoals on Aug 4, 2014.
             The game lasted 08:10:00 (54350 turns).

Meriados the Eclecticist (Deep Elf Wizard)         Turns: 54350, Time: 08:10:03

HP  -1/87        AC 11     Str  4      XL: 16   Next: 58%
MP   2/41        EV 20     Int 36      God: Sif Muna [******]
Gold 2882        SH  0     Dex 13      Spells: 12 memorised,  1 level left

rFire  + + .     SeeInvis .     z - staff of fire
rCold  + + .     Clarity  .     W - +2 robe of Ploqu {+Rage +Inv MR++}
rNeg   + . .     rCorr    .     (no shield)
rPois  .         rRot     .     A - +1 helmet
rElec  .         Spirit   .     q - +1 cloak {MR+}
SustAb .         Warding  .     G - +1 pair of gloves of Ghaocug {rC++ rN+}
rMut   .         Stasis   .     F - +0 pair of boots
Gourm  .                        (no amulet)
MR     ++++.                    Q - +5 ring of intelligence
                                e - ring of protection from fire

@: about to teleport, very slightly contaminated, incredibly resistant to
hostile enchantments, unstealthy
A: no striking features
a: Channel Energy, Forget Spell, Renounce Religion, Evoke Berserk Rage, Evoke
Invisibility


You were on level 3 of the Shoals.
You worshipped Sif Muna.
Sif Muna was exalted by your worship.
You were not hungry.

You visited 6 branches of the dungeon, and saw 32 of its levels.
You visited 1 bazaar.

You collected 3639 gold pieces.
You spent 757 gold pieces at shops.

Inventory:

Hand weapons
 y - the +1 hunting sling of Reinforcement {venom, +Blink +Inv +Fly rPois rF+}
   (You found it on level 4 of the Dungeon)

   It poisons the ammo it fires.
   It protects you from fire.
   It protects you from poison.
   It lets you turn invisible.
   It lets you fly.
   It lets you blink.
 N - a +3 vampiric demon trident
Armour
 m - a +0 cloak of magic resistance
 q - a +1 cloak of magic resistance (worn)
 A - a +1 helmet (worn)
 F - a +0 pair of boots (worn)
 G - the +1 pair of gloves of Ghaocug (worn) {rC++ rN+}
   (You found it on level 8 of the Lair of Beasts)

   It greatly protects you from cold.
   It protects you from negative energy.
 W - the +2 robe of Ploqu (worn) {+Rage +Inv MR++}
   (You found it on level 8 of the Dungeon)

   It affects your resistance to hostile enchantments.
   It lets you turn invisible.
   It lets you go berserk.
Magical devices
 I - a wand of teleportation (4)
Comestibles
 f - 8 meat rations
 s - 44 fruits
Scrolls
 c - a scroll of enchant weapon
 g - a scroll of silence
 l - 2 scrolls of teleportation
 u - a scroll of identify
 v - 2 scrolls of remove curse
 J - 3 scrolls of immolation
 P - a scroll of vulnerability
 T - 7 scrolls of fear
Jewellery
 d - an uncursed ring of protection from cold
 e - a ring of protection from fire (left hand)
 k - a +1 ring of strength {unknown}
 n - an uncursed ring of stealth
 o - an uncursed ring of protection from fire
 w - an uncursed ring of flight {unknown}
 K - an uncursed ring of protection from cold
 Q - a +5 ring of intelligence (right hand)
 R - an uncursed ring of positive energy
 V - a cursed ring of teleportation
 Z - an uncursed ring of see invisible
Potions
 b - 5 potions of agility
 i - 2 potions of brilliance
 p - a potion of invisibility
 t - 3 potions of heal wounds
 x - a potion of magic
 D - 4 potions of curing
 H - 3 potions of resistance
Books
 a - Kyulloaro's Grimoire of Harmful Flight
   (Sif Muna gifted it to you on level 3 of the Lair of Beasts)

   Spells                             Type                      Level
   *Mephitic Cloud                    Conjuration/Poison/Air       3
   *Lightning Bolt                    Conjuration/Air              5
   Silence                            Hexes/Air                    5
   Conjure Ball Lightning             Conjuration/Air              6
 B - a book of Air

   Spells                             Type                      Level
   Shock                              Conjuration/Air              1
   Swiftness                          Charms/Air                   2
   *Repel Missiles                    Charms/Air                   2
   *Flight                            Charms/Air                   3
   Static Discharge                   Conjuration/Air              3
   *Lightning Bolt                    Conjuration/Air              5
 C - Ghumimop's Tome of Warped Talismans
   (Sif Muna gifted it to you on level 13 of the Dungeon)

   Spells                             Type                      Level
   Infusion                           Charms                       1
   *Repel Missiles                    Charms/Air                   2
   Control Teleport                   Charms/Translocation         4
   Warp Weapon                        Charms/Translocation         5
   Death's Door                       Charms/Necromancy            8
 E - Sif Muna's Grimoire of Battle Magic
   (Sif Muna gifted it to you on level 2 of the Shoals)

   Spells                             Type                      Level
   Flame Tongue                       Conjuration/Fire             1
   Throw Frost                        Conjuration/Ice              2
   Searing Ray                        Conjuration                  2
   Chain Lightning                    Conjuration/Air              8
 M - a book of Geomancy

   Spells                             Type                      Level
   Sandblast                          Earth                        1
   *Stoneskin                         Transmutation/Earth          2
   Passwall                           Transmutation/Earth          3
   Stone Arrow                        Conjuration/Earth            3
   Petrify                            Transmutation/Earth          4
   Lee's Rapid Deconstruction         Earth                        5
 O - a book of Death

   Spells                             Type                      Level
   Corpse Rot                         Necromancy                   2
   Sublimation of Blood               Necromancy                   2
   Agony                              Necromancy                   5
   Dispel Undead                      Necromancy                   5
   Excruciating Wounds                Charms/Necromancy            5
   Bolt of Draining                   Conjuration/Necromancy       5
 S - a book of Wizardry

   Spells                             Type                      Level
   Agony                              Necromancy                   5
   Force Lance                        Conjuration                  5
   Dispersal                          Translocation                6
   *Haste                             Charms                       6
   Invisibility                       Hexes                        6
   *Spellforged Servitor              Conjuration/Summoning        7
 U - a book of Fire

   Spells                             Type                      Level
   Ignite Poison                      Fire/Transmutation           5
   *Fireball                          Conjuration/Fire             5
   *Bolt of Fire                      Conjuration/Fire             6
   Delayed Fireball                   Conjuration/Fire             7
   Ring of Flames                     Charms/Fire                  7
 X - a book of Hinderance

   Spells                             Type                      Level
   Confusing Touch                    Hexes                        2
   Confuse                            Hexes                        3
   Petrify                            Transmutation/Earth          4
   Leda's Liquefaction                Hexes/Earth                  4
   Metabolic Englaciation             Hexes/Ice                    5
   Summon Mana Viper                  Hexes/Summoning              5
 Y - Sif Muna's Arcane Arts, Part Five
   (Sif Muna gifted it to you on level 8 of the Lair of Beasts)

   Spells                             Type                      Level
   Iskenderun's Battlesphere          Conjuration/Charms           5
   Bolt of Draining                   Conjuration/Necromancy       5
   Agony                              Necromancy                   5
   Twisted Resurrection               Necromancy                   5
   *Shadow Creatures                  Summoning                    5
   Blade Hands                        Transmutation                5
Magical staves
 j - an uncursed staff of energy
 r - an uncursed staff of power
 z - an uncursed staff of fire (weapon)


   Skills:
 - Level 5.1 Fighting
 - Level 14.5 Dodging
 - Level 2.4 Stealth
 - Level 17.0 Spellcasting
 + Level 13.9 Conjurations
 - Level 3.4 Hexes
 - Level 10.1 Charms
 + Level 13.7 Summonings
 - Level 3.2 Translocations
 - Level 10.1 Fire Magic
 - Level 5.0 Air Magic
 - Level 3.6 Poison Magic
 - Level 8.1 Invocations


You had one spell level left.
You knew the following spells:

 Your Spells              Type           Power        Failure   Level  Hunger
a - Flight                Chrm/Air       ######....   1%          3    None
b - Blink                 Tloc           N/A          1%          2    None
c - Spellforged Servitor  Conj/Summ      #######...   3%          7    ###....
d - Mephitic Cloud        Conj/Pois/Air  ######..     1%          3    None
e - Repel Missiles        Chrm/Air       ######       1%          2    None
f - Stoneskin             Trmt/Erth      ####....     1%          2    None
g - Slow                  Hex            ######..     1%          2    None
h - Fireball              Conj/Fire      ########..   1%          5    None
i - Bolt of Fire          Conj/Fire      ########..   1%          6    None
k - Lightning Bolt        Conj/Air       #######...   1%          5    None
l - Haste                 Chrm           #######.     3%          6    None
m - Shadow Creatures      Summ           N/A          1%          5    None


Dungeon Overview and Level Annotations

Branches:
Dungeon (15/15)            Temple (1/1) D:4             Orc (4/4) D:9
    Elf (0/3) Orc:4          Lair (8/8) D:11         Shoals (3/5) Lair:3
  Snake (1/5) Lair:4        Slime (0/6) Lair:8       Vaults (0/5) D:14
 Depths (0/5) D:15

Altars:
Ashenzari
Cheibriados
Dithmenos
Elyvilon
Fedhas
Gozag
Kikubaaqudgha
Makhleb
Nemelex Xobeh
Okawaru
Qazlal
Sif Muna
Trog
Vehumet
Xom
Yredelemnul
Zin
The Shining One
Jiyva
Lugonu

Shops:
D:4 ?   D:5 !   D:15 !   Orc:4 [*![   Shoals:1 =

Annotations:
D:11 Urug
Shoals:3 Nikola


Message History

Casting: Blink
Confirm with . or Enter, or press ? or * to list all spells.
You blink.
A faun comes into view. It is wielding a quarterstaff.
The satyr unwields an uncursed quarterstaff.
The satyr wields a longbow.
The satyr shoots an arrow of frost.
The arrow of frost hits you!
* * * LOW HITPOINT WARNING * * *
The arrow of frost freezes you.
* * * LOW HITPOINT WARNING * * *
The faun gestures at you while chanting.
You resist with almost no effort.
Casting: Blink
Confirm with . or Enter, or press ? or * to list all spells.
You blink.
The faun unwields an uncursed hunting sling of flaming.
It stops flaming.
The faun wields an uncursed quarterstaff.
The faun hits you with an uncursed quarterstaff!
You die...

.≈≈.................≈≈≈≈......
.....................m≈≈.......
......................≈........
.....>....##.##...........#..≈≈
..........#...#......)........≈
............∩......§.t.......≈..
#......%..#...#...............≈..
#......((.##.##........≈.....≈≈..
..#.............@....E.≈≈≈....≈≈≈
.%.%..........ccc....)#≈≈≈≈≈≈...≈
...................c.(()≈.≈≈≈...≈
......................##≈.......≈
≈≈...≈............<...###.....≈≈≈
≈....≈≈≈≈..........#### ##.....≈≈
≈≈≈.≈≈≈≈≈≈≈........# #####..≈
≈≈≈≈≈≈≈≈≈≈≈≈......## ### ###.
≈≈≈≈≈≈≈≈≈≈≈≈..≈≈...## ##.######.


You could see a satyr, a snapping turtle (roused), 3 fauns and a water
elemental.

Vanquished Creatures
  Agnes (Shoals:3)
  Kirke (Shoals:3)
  Gastronok (D:13)
  A fire dragon (Lair:5)
  3 merfolk impalers
  Josephine (D:13)
  A yaktaur captain (D:15)
  10 hydras
  Harold (D:11)
  A siren (Shoals:2)
  10 centaur warriors
  4 merfolk aquamancers
  An ogre mage (D:15)
  14 death yaks
  4 orc high priests (Orc:4)
  3 naga sharpshooters (Snake:1)
  7 sea snakes
  3 catoblepae (Lair:8)
  A hill giant (D:15)
  An unseen horror (D:12)
  A naga ritualist (Snake:1)
  An orc knight (D:15)
  3 harpies (Shoals:1)
  A lindwurm (Lair:8)
  6 griffons
  A harpy (shapeshifter) (D:15)
  3 mana vipers
  The ghost of Somebody the Reanimator, an experienced DENe of Cheibriados (D:8)
  2 manticores
  A wolf spider (D:15)
  A faun (Shoals:2)
  An orc sorcerer (D:15)
  4 slime creatures (D:12)
  3 mermaids
  A water nymph (Shoals:2)
  9 cyclopes
  Maurice (Orc:1)
  16 spiny frogs
  8 black mambas
  A yaktaur (D:15)
  A feature mimic (Bazaar)
  A centaur skeleton (D:13)
  A kobold demonologist (D:11)
  14 komodo dragons
  A gargoyle (D:13)
  An efreet (D:15)
  A tengu conjurer (D:15)
  Grinder (D:6)
  3 fire drakes
  2 wind drakes
  13 merfolk
  10 trolls
  A polar bear (Lair:6)
  A two-headed ogre (D:15)
  10 blink frogs
  2 ravens (D:15)
  A boulder beetle (Lair:8)
  8 snapping turtles
  4 basilisks
  11 ugly things
  4 wyverns
  92 yaks
  A hungry ghost (D:8)
  2 trapdoor spiders
  A hill giant zombie (D:13)
  A wraith (D:13)
  A hog (Shoals:3)
  Grum (Orc:4)
  7 spriggans
  A deep elf mage (D:14)
  13 water elementals
  12 hippogriffs
  A deep elf fighter (D:13)
  19 wolves
  A warg (Orc:4)
  15 vampire mosquitoes
  4 nagas
  A mottled dragon (shapeshifter) (D:13)
  19 water moccasins
  12 porcupines
  3 sky beasts
  A yellow wasp (D:9)
  3 phantoms
  13 ogres
  2 ice beasts
  35 orc warriors
  15 centaurs
  A manticore zombie (D:8)
  An orc skeleton (D:13)
  A boring beetle (Lair:5)
  A manticore skeleton (D:11)
  14 crocodiles
  Sigmund (D:2)
  Blork the orc (D:6)
  21 giant frogs
  2 gnoll sergeants
  12 killer bees
  An eye of draining (D:13)
  7 scorpions
  2 troll skeletons (D:8)
  10 wights
  3 electric eels
  2 hippogriff skeletons
  3 goliath beetles
  5 crimson imps
  A centaur zombie (D:9)
  A gnoll shaman (D:6)
  2 giant frog skeletons (D:6)
  33 orc priests
  A basilisk skeleton (D:11)
  8 hounds
  3 jellies
  A basilisk zombie (D:13)
  10 worker ants
  An elf skeleton (D:12)
  7 orange rats (Lair:4)
  4 iguanas
  A tengu simulacrum (D:13)
  25 orc wizards
  A killer bee zombie (D:6)
  67 sheep
  A sky beast zombie (D:11)
  Jessica (D:2)
  A crocodile zombie (D:8)
  A mottled dragon skeleton (D:15)
  A worker ant zombie (D:9)
  29 adders
  A scorpion zombie (D:5)
  3 shadow imps
  19 gnolls
  38 green rats
  2 worms
  2 adder zombies
  4 oozes
  167 orcs
  18 bats
  10 giant cockroaches
  27 goblins
  17 hobgoblins
  5 jackals (D:3)
  14 kobolds
  15 quokkas
  4 ball pythons
  3 giant geckos
  7 giant newts
  3 giant spores
  A kobold skeleton (D:8)
  A kobold zombie (D:7)
  11 rats
  A rat skeleton (D:7)
  A rat zombie (D:5)
  6 ballistomycetes
  6 bushes
  7 fungi
  7 plants
1189 creatures vanquished.

Vanquished Creatures (collateral kills)
  An orc warlord (D:13)
  A siren (Shoals:2)
  2 merfolk aquamancers
  A dancing weapon (D:14)
  A sea snake (Shoals:1)
  A wolf spider (D:14)
  A manticore (Shoals:1)
  2 drowned souls (Shoals:2)
  2 merfolk (Shoals:2)
  2 ugly things (D:14)
  2 water elementals
  A human zombie (D:13)
  A giant frog (D:14)
  A mummy (D:11)
  A giant gecko (D:8)
  2 jackals (D:3)
22 creatures vanquished.

Vanquished Creatures (others)
  A spellforged servitor (Shoals:2)
  A drowned soul (Shoals:2)
  A komodo dragon (D:14)
  A slime creature (D:14)
  A human (Shoals:3)
  A giant frog (D:14)
  An eye of draining (D:14)
  6 crimson imps
  An iron imp (Lair:1)
  An adder (Lair:4)
  An orc (D:13)
  A quokka (Lair:4)
  2 giant spores (D:13)
  A ballistomycete (D:13)
  14 fungi
  3 plants
37 creatures vanquished.

Grand Total: 1248 creatures vanquished

Notes
Turn   | Place    | Note
--------------------------------------------------------------
     0 | D:1      | Meriados, the Deep Elf Wizard, began the quest for the Orb.
     0 | D:1      | Reached XP level 1. HP: 10/10 MP: 6/6
   266 | D:1      | Reached XP level 2. HP: 15/15 MP: 4/9
  1103 | D:2      | Noticed Jessica
  1160 | D:2      | Killed Jessica
  1160 | D:2      | Reached XP level 3. HP: 5/19 MP: 1/12
  1409 | D:2      | Noticed Sigmund
  1431 | D:1      | Learned a level 2 spell: Blink
  1434 | D:1      | Learned a level 2 spell: Call Imp
  1438 | D:1      | Learned a level 3 spell: Mephitic Cloud
  1880 | D:2      | Upgraded the game from 0.15-a0-2227-g1e78800 to 0.15-a0-2232-g756d4b8
  1950 | D:2      | Reached XP level 4. HP: 24/24 MP: 2/15
  2098 | D:2      | Killed Sigmund
  2098 | D:2      | Reached skill level 5 in Conjurations
  2480 | D:3      | Reached XP level 5. HP: 28/28 MP: 12/18
  2536 | D:3      | Reached skill level 1 in Poison Magic
  3339 | D:4      | Found Shritodie's Magic Scroll Boutique.
  3342 | D:4      | Reached skill level 1 in Air Magic
  3610 | D:4      | Reached XP level 6. HP: 26/32 MP: 0/20
  3952 | D:4      | Got a bloodstained hunting sling
  3953 | D:4      | Identified the cursed +1 hunting sling of Reinforcement {venom, +Blink +Inv +Fly rPois rF+} (You found it on level 4 of the Dungeon)
  3974 | D:4      | Noticed an ogre
  4008 | D:4      | Killed an ogre
  4011 | D:4      | Noticed an ogre
  4136 | D:4      | Noticed an ogre
  4145 | D:4      | Killed an ogre
  4145 | D:4      | Reached XP level 7. HP: 36/36 MP: 10/21
  4211 | D:4      | Learned a level 2 spell: Repel Missiles
  4215 | D:4      | Learned a level 3 spell: Conjure Flame
  4345 | D:4      | Reached skill level 1 in Charms
  4515 | D:4      | Found a staircase to the Ecumenical Temple.
  4525 | Temple   | Entered the Ecumenical Temple
  4601 | D:4      | Killed an ogre
  4601 | D:4      | Reached skill level 1 in Fire Magic
  4747 | D:5      | Entered Level 5 of the Dungeon
  5155 | D:5      | Found Qautunubi's Distillery.
  5163 | D:5      | Bought a potion of mutation for 25 gold pieces
  5163 | D:5      | Bought a potion of degeneration for 20 gold pieces
  5380 | D:5      | Reached skill level 5 in Spellcasting
  5380 | D:5      | Reached XP level 8. HP: 37/41 MP: 6/24
  5421 | D:5      | Learned a level 2 spell: Slow
  5452 | D:5      | Reached skill level 1 in Hexes
  5581 | D:5      | Reached skill level 6 in Spellcasting
  6338 | D:6      | Found a glowing silver altar of Zin.
  6349 | D:6      | Noticed Blork the orc
  6373 | D:6      | Killed Blork the orc
  6447 | D:6      | Reached skill level 7 in Spellcasting
  7354 | D:6      | Noticed Grinder
  7388 | D:6      | Killed Grinder
  7648 | D:6      | Found a sparkling altar of Nemelex Xobeh.
  7648 | D:6      | Found an opulent altar of Gozag.
  7857 | D:6      | Reached XP level 9. HP: 45/45 MP: 22/27
  8189 | D:6      | Found a shattered altar of Ashenzari.
  8190 | D:6      | Found a snail-covered altar of Cheibriados.
  8199 | D:6      | Found a shimmering altar of Xom.
  8200 | D:6      | Found a radiant altar of Vehumet.
  8200 | D:6      | Found a glowing golden altar of the Shining One.
  8202 | D:6      | Found a stormy altar of Qazlal.
  8203 | D:6      | Found a deep blue altar of Sif Muna.
  8204 | D:6      | Found an iron altar of Okawaru.
  8206 | D:6      | Became a worshipper of Sif Muna the Loreminder
  8701 | D:7      | Reached skill level 8 in Dodging
  9521 | D:7      | Reached skill level 9 in Dodging
  9886 | D:8      | Reached skill level 10 in Dodging
 10106 | D:8      | Noticed Somebody's ghost (experienced DENe)
 10392 | D:7      | Reached skill level 11 in Dodging
 10941 | D:8      | Reached XP level 10. HP: 50/50 MP: 11/29
 11037 | D:8      | Killed Somebody's ghost
 11037 | D:8      | Reached skill level 12 in Dodging
 11312 | D:8      | Got a wizard robe
 11324 | D:8      | Identified the cursed +2 robe of Ploqu {+Rage +Inv MR++} (You found it on level 8 of the Dungeon)
 11711 | D:9      | Found a staircase to the Orcish Mines.
 11966 | D:9      | Reached skill level 13 in Dodging
 12786 | D:9      | Found a blossoming altar of Fedhas.
 13258 | D:10     | Entered Level 10 of the Dungeon
 13332 | D:10     | Found a shimmering altar of Xom.
 13343 | D:10     | Found a shimmering altar of Xom.
 13344 | D:10     | Found a shimmering altar of Xom.
 14317 | D:11     | Reached skill level 5 in Fire Magic
 14320 | D:11     | Acquired Sif Muna's first power
 15010 | D:11     | Noticed a cyclops
 15039 | D:11     | Killed a cyclops
 15120 | D:11     | Learned a level 5 spell: Fireball
 15238 | D:11     | Noticed a cyclops
 15252 | D:11     | Killed a cyclops
 15487 | D:11     | Reached XP level 11. HP: 54/54 MP: 20/29
 15493 | D:11     | Noticed Urug
 15688 | D:11     | Acquired Sif Muna's second power
 15908 | D:11     | Noticed a manticore
 15938 | D:11     | Killed a manticore
 16244 | D:11     | Found a staircase to the Lair.
 16709 | D:11     | Noticed Harold
 16727 | D:11     | Killed Harold
 16886 | D:11     | Reached skill level 1 in Invocations
 17575 | Lair:1   | Entered Level 1 of the Lair of Beasts
 18819 | Orc:1    | Entered Level 1 of the Orcish Mines
 18819 | Orc:1    | Noticed Maurice
 19048 | Lair:1   | Reached skill level 5 in Invocations
 19089 | Lair:1   | Noticed a four-headed hydra
 19236 | Lair:1   | Identified a scroll of acquirement
 19246 | Lair:1   | Learned a level 6 spell: Bolt of Fire
 19481 | Lair:1   | Noticed a death yak
 19482 | Lair:1   | Noticed a death yak
 19483 | Lair:1   | Noticed a death yak
 19484 | Lair:1   | Noticed a death yak
 19549 | Lair:1   | Killed a death yak
 19987 | Lair:1   | Acquired Sif Muna's third power
 20281 | Lair:1   | Killed a death yak
 20281 | Lair:1   | Reached XP level 12. HP: 59/59 MP: 1/31
 20287 | Lair:1   | Killed a death yak
 20287 | Lair:1   | Reached skill level 10 in Fire Magic
 21198 | Lair:2   | Reached skill level 10 in Conjurations
 21918 | Lair:3   | Noticed a seven-headed hydra
 21923 | Lair:3   | Killed a seven-headed hydra
 21923 | Lair:3   | Reached skill level 10 in Spellcasting
 22154 | Lair:3   | Learned a level 4 spell: Sticky Flame
 22371 | Lair:3   | Found a staircase to the Shoals.
 22865 | Lair:3   | Noticed an eight-headed hydra
 22886 | Lair:3   | Killed an eight-headed hydra
 23225 | Lair:3   | Received a gift from Sif Muna
 23226 | Lair:3   | Identified Kyulloaro's Grimoire of Harmful Flight (Sif Muna gifted it to you on level 3 of the Lair of Beasts)
 23842 | Orc:1    | Killed Maurice
 24299 | Orc:2    | Found a glowing silver altar of Zin.
 25433 | Orc:3    | Found a shimmering altar of Xom.
 26994 | Orc:4    | Entered Level 4 of the Orcish Mines
 27459 | Orc:4    | Reached XP level 13. HP: 46/63 MP: 23/36
 27604 | Orc:4    | Found a staircase to the Elven Halls.
 27850 | Orc:4    | Noticed Grum
 27853 | Orc:4    | Killed Grum
 28404 | Orc:4    | Found Suleucki's Antique Armour Shoppe.
 28721 | Orc:4    | Found Manug's General Store.
 28725 | Orc:4    | Found Nopnaj's Distillery.
 28726 | Orc:4    | Found Briuf's Armour Emporium.
 28746 | Orc:4    | Bought a pair of ancient gloves for 266 gold pieces
 28758 | Orc:4    | Identified the +2 pair of gloves of Thoyn {+Rage Dex+1} (You bought it in a shop on level 4 of the Orcish Mines)
 28760 | Orc:4    | Bought a shiny helmet for 126 gold pieces
 29164 | Orc:3    | Learned a level 5 spell: Lightning Bolt
 29894 | Lair:4   | Reached skill level 14 in Spellcasting
 30002 | Lair:4   | Found a staircase to the Snake Pit.
 30865 | Lair:4   | Reached skill level 15 in Spellcasting
 31385 | Lair:4   | Upgraded the game from 0.15-a0-2232-g756d4b8 to 0.15-a0-2246-gfd41422
 31867 | Lair:5   | Received a gift from Sif Muna
 32148 | Lair:5   | Reached skill level 5 in Charms
 34253 | Lair:6   | Reached skill level 10 in Charms
 34501 | Lair:6   | Reached XP level 14. HP: 68/68 MP: 12/38
 34753 | Lair:6   | Received a gift from Sif Muna
 34932 | Lair:6   | Learned a level 6 spell: Haste
 34958 | Lair:6   | Reached skill level 5 in Air Magic
 35705 | Lair:6   | Reached skill level 5 in Summonings
 37094 | Lair:8   | Entered Level 8 of the Lair of Beasts
 38107 | Lair:8   | Received a gift from Sif Muna
 38214 | Lair:8   | Identified Sif Muna's Arcane Arts, Part Five (Sif Muna gifted it to you on level 8 of the Lair of Beasts)
 38474 | Lair:8   | Reached skill level 10 in Summonings
 38823 | Lair:8   | Found a staircase to the Slime Pits.
 38823 | Lair:8   | Found a viscous altar of Jiyva.
 39236 | Lair:8   | Reached skill level 16 in Spellcasting
 39796 | Lair:8   | Reached skill level 17 in Spellcasting
 40039 | Lair:8   | Got a pair of smoking gloves
 40061 | Lair:8   | Identified the +1 pair of gloves of Ghaocug {rC++ rN+} (You found it on level 8 of the Lair of Beasts)
 40739 | Snake:1  | Entered Level 1 of the Snake Pit
 40861 | Snake:1  | Reached XP level 15. HP: 72/72 MP: 13/40
 43169 | D:13     | Learned a level 5 spell: Shadow Creatures
 43549 | D:13     | Received a gift from Sif Muna
 43551 | D:13     | Identified Ghumimop's Tome of Warped Talismans (Sif Muna gifted it to you on level 13 of the Dungeon)
 43644 | D:13     | Found an iron altar of Okawaru.
 44372 | D:13     | Noticed Josephine
 44379 | D:13     | Killed Josephine
 44461 | D:13     | Noticed Gastronok
 44466 | D:13     | Killed Gastronok
 45724 | D:14     | HP: 1/72 [glowing long sword (18)]
 46315 | D:14     | Found a gate to the Vaults.
 46326 | D:14     | Reached skill level 1 in Fighting
 46767 | D:15     | Entered Level 15 of the Dungeon
 46917 | D:14     | Upgraded the game from 0.15-a0-2246-gfd41422 to 0.15-a0-2352-g26abbdd
 47345 | D:15     | Found a staircase to the Depths.
 47936 | D:15     | Found Luraidi's Distillery.
 47988 | D:15     | Reached skill level 5 in Fighting
 48312 | D:15     | Upgraded the game from 0.15-a0-2352-g26abbdd to 0.16-a0-5-g756871a
 49281 | Shoals:1 | Entered Level 1 of the Shoals
 49290 | Shoals:1 | Reached XP level 16. HP: 87/87 MP: 20/41
 49375 | Lair:3   | Upgraded the game from 0.16-a0-5-g756871a to 0.16-a0-38-g23a437e
 49397 | Lair:3   | Learned a level 3 spell: Flight
 49405 | Lair:3   | Learned a level 7 spell: Spellforged Servitor
 50426 | Shoals:1 | Found Udghyloet's Jewellery Emporium.
 51940 | Shoals:2 | Received a gift from Sif Muna
 51941 | Shoals:2 | Identified Sif Muna's Grimoire of Battle Magic (Sif Muna gifted it to you on level 2 of the Shoals)
 52901 | Shoals:3 | Noticed Agnes
 52904 | Shoals:3 | Noticed Kirke
 52906 | Shoals:3 | Killed Agnes
 53221 | Shoals:1 | Learned a level 2 spell: Stoneskin
 53568 | Shoals:3 | Killed Kirke
 53889 | Shoals:3 | Found a flickering gateway to a bazaar.
 53904 | Bazaar   | Entered a bazaar
 53904 | Bazaar   | Found Shanab's Antique Armour Shoppe.
 53909 | Bazaar   | Found Thrumautt's Food Shop.
 53910 | Bazaar   | Shanab's Antique Armour Shoppe was a mimic.
 53927 | Bazaar   | Found Isoa's Gadget Shop.
 53931 | Bazaar   | Found Fryguaj's Antique Armour Shoppe.
 53936 | Bazaar   | Found Stoofoaf's General Store.
 53968 | Bazaar   | Bought a crystal ball of energy for 320 gold pieces
 54207 | Shoals:3 | Noticed Nikola
 54350 | Shoals:3 | Slain by a faun

Action                   |  1- 3 |  4- 6 |  7- 9 | 10-12 | 13-15 | 16-18 || total
-------------------------+-------+-------+-------+-------+-------+-------++-------
Melee: Unarmed           |       |     2 |       |       |       |       ||     2
       Cutlass           |       |       |    82 |       |       |       ||    82
       Staff             |       |       |       |    15 |    13 |     1 ||    29
 Cast: Magic Dart        |    76 |   121 |   486 |   947 |   381 |       ||  2011
       Call Imp          |       |     6 |    16 |     6 |     1 |       ||    29
       Mephitic Cloud    |       |     9 |    20 |    69 |     4 |       ||   102
       Conjure Flame     |       |       |    35 |    97 |     5 |       ||   137
       Blink             |       |       |    11 |    21 |    31 |     8 ||    71
       Repel Missiles    |       |       |     1 |       |     1 |     3 ||     5
       Slow              |       |       |    15 |    36 |     2 |       ||    53
       Bolt of Fire      |       |       |       |    38 |   189 |    67 ||   294
       Fireball          |       |       |       |    80 |   328 |    68 ||   476
       Sticky Flame      |       |       |       |    20 |     4 |       ||    24
       Lightning Bolt    |       |       |       |       |    68 |     1 ||    69
       Haste             |       |       |       |       |    14 |     7 ||    21
       Shadow Creatures  |       |       |       |       |    14 |     1 ||    15
       Spellforged Servi |       |       |       |       |       |     9 ||     9
       Flight            |       |       |       |       |       |     5 ||     5
       Stoneskin         |       |       |       |       |       |     3 ||     3
Invok: Channel Energy    |       |       |       |    27 |   152 |    22 ||   201
       Forget Spell      |       |       |       |       |       |     4 ||     4
 Abil: Evoke Berserk Rag |       |       |       |       |     2 |       ||     2
Evoke: Wand              |       |       |       |     2 |     6 |     2 ||    10
       Staff of energy   |       |       |       |     1 |       |       ||     1
  Use: Scroll            |       |       |     2 |     9 |    21 |     5 ||    37
       Potion            |       |       |       |     6 |    14 |     2 ||    22
 Stab: Sleeping          |       |       |       |       |     1 |       ||     1
  Eat: Chunk             |     3 |     7 |    21 |    51 |    81 |    12 ||   175
       Beef jerky        |       |       |       |     2 |     1 |       ||     3
       Fruit             |       |       |       |     2 |       |     1 ||     3
       Bread ration      |       |       |       |       |     2 |     1 ||     3
       Meat ration       |       |       |       |       |       |     1 ||     1
